Unix xNetHack Version 8.0.0 - last build Jan 14 2024 16:46:22 (be4d3c81716514284228e1a23197c27ddb32b841). Game began 2024-03-08 19:17:42, ended 2024-03-08 21:01:56. Catomat, neutral female human Wizard --------------- #..............| #|.........<...| #|.............|############@# #|.............|# #------a------ #-.-------------# #|.....E.....| # ############### #|..{.....{..| # #|...}}}}}...| # #|...}...}...| ## ################|*..}.@....E| ----------# # |...}...}...| |........|# # ....}}}}}...| |.......^.### # |..{.....{..| |........| 0### |.....E.....| |....>....###### ------------- |........| ---------- Catomat the Thaumaturge St:10 Dx:18 Co:14 In:17 Wi:14 Ch:11 Neutral S:3126 Dlvl:6 $:68 HP:0(45) Pw:66(73) AC:9 Xp:7/687 T:5037 Latest messages: This cram ration is terrible! You are feeling mildly nauseated. You no longer feel hungry. You finish eating the cram ration. You feel slightly confused. You can't seem to think straight. You feel incredibly sick. You are about to vomit. You hear some noises in the distance. You feel a bit steadier now. You vomit! You feel less confused now. You can move again. You hear some noises in the distance. You hear some noises in the distance. This door is locked. Unlock it with your wooden lock pick? [ynq] (q) You succeed in picking the lock. The door opens. Please move the cursor to an unknown object. (For instructions type a '?') Done. "Hello, Catomat, welcome to Delphi!" You see here a stone statue of a fire elemental. Please move the cursor to an unknown object. (For instructions type a '?') Done. In what direction? The spell hits the rothe! The statue shatters. In what direction? The spell hits the rothe! The soldier ant bites! The soldier ant stings! You see here a stone statue of a fire elemental. The soldier ant bites! The soldier ant stings! The soldier ant bites! The soldier ant stings! You hear some noises in the distance. # Are you sure you want to pray? [yn] (n) You begin praying to Thoth. The soldier ant bites! You die... Do you want your possessions identified? [ynq] (y) Do you want to see your attributes? [ynq] (y) Do you want an account of creatures vanquished? [ynaq] (y) Do you want to see your conduct and achievements? [ynq] (y) Do you want to see the dungeon overview? [ynq] (y) Inventory: Inventory: 469/650 weight (19/52 slots) Coins $ - 68 gold pieces {1} Weapons C - 4 blessed +3 daggers named Dagger of Insanity {40} d - a +1 dagger (weapon in hand) {10} e - 17 +0 daggers {170} g - a blessed +1 elven dagger {10} a - a blessed +1 quarterstaff {40} Armor l - an uncursed +0 pair of water walking boots {15} b - an uncursed +0 cloak of magic resistance (being worn) {8} Comestibles W - 3 uncursed Slices of Pizza {15} U - an uncursed food ration {20} q - 4 uncursed tripe rations {40} F - an uncursed tin of pureed kobold meat {10} Scrolls k - an uncursed scroll of scare monster {5} j - an uncursed scroll of teleportation {5} Potions n - an uncursed potion of speed {20} i - an uncursed potion of water {20} Wands X - a wand of digging (0:4) {7} Tools M - an uncursed lantern {30} Z - an uncursed wooden lock pick {1} T - an uncursed towel {2} Catomat the Wizard's attributes: Background: You were a Thaumaturge, a level 7 female human Wizard. You were neutral, on a mission for Thoth who was opposed by Ptah (lawful) and Anhur (chaotic). You were heterosexual. You were in the Dungeons of Doom, on level 6. You entered the dungeon 5037 turns ago. You had 687 experience points, 593 more were needed to attain level 8. Your score was 3126 before end-of-game adjustments. Basics: You had 0 out of 45 hit points. You had 66 out of 73 energy points (spell power). Your armor class was 9. Your wallet contained 68 zorkmids. Autopickup was on for '$"?!=/' plus thrown. Final Characteristics: Your strength was 10 (limit:18/100). Your dexterity was 18 (limit:18). Your constitution was 14 (limit:18). Your intelligence was 17 (limit:18). Your wisdom was 14 (limit:18). Your charisma was 11 (limit:18). Final Status: You were not hungry. You were unencumbered. You were wielding a dagger. You were unskilled in dagger. Final Attributes: You were piously aligned. You were magic-protected. You were poison resistant. You were warded. You were unlucky. You are dead. Miscellaneous: You encountered 1 bones level. Total elapsed playing time was 1 hour, 39 minutes and 48 seconds. Major events: Turn 1: Catomat the neutral female human Wizard entered the dungeon 767: attained the rank of Conjurer (level 3) 1588: entered the Gnomish Mines 2458: destroyed the invisible zoya's ghost, the former Sightseer 2734: attained the rank of Thaumaturge (level 6) 5037: killed by a soldier ant, while praying Vanquished creatures: 2 quivering blobs a housecat a ghost an imp 3 gnome leaders 2 gnomish wizards a straw golem a paper golem 7 giant ants a little dog a floating eye a kitten 6 dwarves a homunculus 2 kobold leaders a rothe a rabid rat 2 dwarf zombies a wererat an iguana 2 coyotes a gas spore a hobbit a giant rat 2 brown molds 23 gnomes a garter snake 3 geckos 5 jackals 2 foxes a kobold 2 goblins 4 sewer rats 2 grid bugs 2 lichens a kobold zombie 6 newts 96 creatures vanquished. No species were genocided or became extinct. Voluntary challenges: You read items or engraved 9 times. You never genocided any monsters. You never polymorphed an object. You never changed form. You never touched an artifact. You used no wishes. You were celibate. You never generated conflict. Achievements: You attained the rank of Conjurer. You entered the Gnomish Mines. You attained the rank of Thaumaturge. You entered a temple. You entered a shop. Dungeon overview: The Dungeons of Doom: levels 1 to 7 Level 1: "lk-box" A fountain. Level 2: Level 3: "lk-box, spellbook stash" A fountain. Stairs down to The Gnomish Mines. Level 4: A tree. Level 5: A fountain. Level 6: <- You were here. Many fountains. Oracle of Delphi. Final resting place for you, killed by a soldier ant, while praying. Level 7: The Gnomish Mines: levels 4 to 7 Level 4: Level 5: A grave. Final resting place for zoya-Tou-Hum-Fem-Neu, killed by a straw golem. Level 6: "scroll/potion stash in box" Level 7: "stash, mm in shop" Many shops, a temple, some fountains. Game over: __________ / \ / REST \ / IN \ / PEACE \ / \ | Catomat | | 68 Au | | killed by a | | soldier ant | | | | | | 2024 | *| * * * | * _________)/\\_//(\/(/\)/\//\/|_)_______ Goodbye Catomat the Wizard... You died in The Dungeons of Doom on dungeon level 6 with 3120 points, and 68 pieces of gold, after 5037 moves. You were level 7 with a maximum of 45 hit points when you died.